 Dungeon Crawl Stone Soup version 0.31-a0-180-g519b7de00c (webtiles) character file.

Game seed: 15284477793936164989

25 qw the Shooter (level 3, 0/32 HPs)
             Began as a Naga Hunter on June 19, 2023.
             Slain by a giant cockroach (1 damage)
             ... on level 1 of the Dungeon.
             The game lasted 00:00:11 (268 turns).

qw the Shooter (Naga Hunter)                         Turns: 268, Time: 00:00:11

Health: 0/32       AC:  2    Str: 13    XL:     3   Next: 6%
Magic:  3/3        EV:  9    Int:  9    God:
Gold:   9          SH:  0    Dex: 16    Spells: 2/2 levels left

rFire   . . .        a - +0 shortbow
rCold   . . .        (shield currently unavailable)
rNeg    . . .        c - +0 leather armour
rPois   +            (no helmet)
rElec   .            (no cloak)
rCorr   .            (no gloves)
SInv    +            (no barding)
Will    .....        (no amulet)
Stlth   ++           (no ring)
HPRegen 0.25/turn    (no ring)
MPRegen 0.08/turn

%: no passive effects
@: short of breath, very slow
A: AC +1, large, see invisible, deformed body, poison resistance, slowness 2,
spit poison 1, naga tail 1
a: Spit Poison


You were on level 1 of the Dungeon.
You visited 1 branch of the dungeon, and saw 1 of its levels.

You collected 9 gold pieces.


Innate Abilities, Weirdness & Mutations

Your serpentine skin is tough. (AC +1)
You have supernaturally acute eyesight. (SInv)
Armour fits poorly on your strangely shaped body.
Your system is resistant to poisons. (rPois)
You cover ground very slowly.
You can spit poison.
You have a snake-like lower body.


   Skills:
 - Level 2.0 Fighting
 + Level 4.5 Ranged Weapons
 - Level 1.5 Dodging
 - Level 1.5 Stealth


You had 2 spell levels left.
You didn't know any spells.
Your spell library was empty.

Inventory:

Hand Weapons
 a - a +0 shortbow (weapon)
Armour
 c - a +0 leather armour (worn)
Scrolls
 b - a scroll of butterflies
 d - a scroll of vulnerability {unknown}

Dungeon Overview and Level Annotations

Branches:
Dungeon (1/15)

Altars:


Message History

Your experience leads to an increase in your attributes!
Increase (S)trength, (I)ntelligence, or (D)exterity?
You feel agile. x2; Your skin feels tougher.
261 ||| INVOKING Spit Poison.
Aiming: Spit Poison (2% risk of failure)
Press: ? - help, Shift-Dir - straight line, f - jackal The splash of poison hits the jackal but does no damage.
The jackal is poisoned.
The jackal bites you.
The giant cockroach bites you but does no damage.
You shoot an arrow. The arrow hits the jackal.
The jackal is almost dead.
You kill the jackal!
The giant cockroach misses you.
You shoot an arrow.
The arrow closely misses the giant cockroach.
The giant cockroach bites you but does no damage.
The giant cockroach bites you.
You shoot an arrow.
The arrow closely misses the giant cockroach.
The giant cockroach barely misses you.
You shoot an arrow. The arrow hits the giant cockroach.
The giant cockroach is severely wounded.
The giant cockroach bites you but does no damage.
The giant cockroach barely misses you.
You shoot an arrow.
The arrow hits the giant cockroach but does no damage.
The giant cockroach is heavily wounded.
You have got your breath back.
The giant cockroach bites you.
267 ||| INVOKING Spit Poison.
Aiming: Spit Poison (2% risk of failure)
Press: ? - help, Shift-Dir - straight line, f/p - giant cockroach The splash of poison misses the giant cockroach.
The giant cockroach bites you but does no damage.
The giant cockroach bites you.
You shoot an arrow.
The arrow barely misses the giant cockroach.
The giant cockroach bites you.
You die...

### ## #.. .. #..
... .#### #.# #.#
.... #.# #.#
..###..
#.###.####%...(.#
#.##.....@%.#
#.##..####B.....#
#.##..# #.##.##
#.##..# .#
##.....#####.#
#............
#.###..######
##.###..#
#....#..#


You could see a giant cockroach.

Vanquished Creatures
  2 bats (D:1)
  3 giant cockroaches (D:1)
  A goblin (D:1)
  3 hobgoblins (D:1)
  7 jackals (D:1)
  2 ball pythons (D:1)
  2 rats (D:1)
20 creatures vanquished.

Notes
Turn   | Place    | Note
-------+----------+-------------------------------------------
     0 | D:1      | qw the Naga Hunter began the quest for the Orb.
     0 | D:1      | Reached XP level 1. HP: 19/19 MP: 1/1
     0 | D:1      | 0 ||| qw: Version: 0.3-a-7-ge0c9b40
     0 | D:1      | 0 ||| qw: Game counter: 1090
     0 | D:1      | 0 ||| qw: Always use a shield: true
     0 | D:1      | 0 ||| qw: God list: Okawaru
     0 | D:1      | 0 ||| qw: Allow faded altars: false
     0 | D:1      | 0 ||| qw: Do Orc after D:15 true
     0 | D:1      | 0 ||| qw: Do second Lair branch before Depths: true
     0 | D:1      | 0 ||| qw: Lair rune preference: random
     0 | D:1      | 0 ||| qw: Plans: Normal
     0 | D:1      | 0 ||| PLANNING D:1-11
    16 | D:1      | 16 ||| INVOKING Spit Poison.
    21 | D:1      | 21 ||| INVOKING Spit Poison.
   117 | D:1      | 117 ||| INVOKING Spit Poison.
   165 | D:1      | 165 ||| INVOKING Spit Poison.
   167 | D:1      | Reached skill level 4 in Ranged Weapons
   167 | D:1      | Reached XP level 2. HP: 26/26 MP: 2/2
   170 | D:1      | 170 ||| INVOKING Spit Poison.
   189 | D:1      | 189 ||| INVOKING Spit Poison.
   198 | D:1      | 198 ||| INVOKING Spit Poison.
   203 | D:1      | 203 ||| INVOKING Spit Poison.
   206 | D:1      | 206 ||| INVOKING Spit Poison.
   207 | D:1      | 207 ||| INVOKING Spit Poison.
   208 | D:1      | 208 ||| INVOKING Spit Poison.
   211 | D:1      | 211 ||| INVOKING Spit Poison.
   224 | D:1      | 224 ||| INVOKING Spit Poison.
   245 | D:1      | 245 ||| INVOKING Spit Poison.
   251 | D:1      | 251 ||| INVOKING Spit Poison.
   256 | D:1      | 256 ||| INVOKING Spit Poison.
   258 | D:1      | HP: 5/26 [giant cockroach (2)]
   261 | D:1      | Reached XP level 3. HP: 6/32 MP: 3/3
   261 | D:1      | 261 ||| INVOKING Spit Poison.
   263 | D:1      | HP: 3/32 [giant cockroach (1)]
   267 | D:1      | 267 ||| INVOKING Spit Poison.
   267 | D:1      | HP: 1/32 [giant cockroach (1)]
   268 | D:1      | Slain by a giant cockroach

Levels and vault maps discovered:
D:1:      nzn_arrival_crosshair, layout_loops_ring

Skill      XL: |  1 |
---------------+----+-----
Ranged Weapons | 4 |  4.5
Fighting       | |  2.0
Dodging        | |  1.5
Stealth        | |  1.5

Action                     || total
---------------------------++-------
   Fire: Shortbow          ||    42
Ability: Spit Poison       ||    16
 Armour: Leather armour    ||    22
  Dodge: Dodged            ||    35

Table legend:
 A = Non-vault XP
 B = Vault XP
 C = Vault XP percentage of total XP
 D = Non-vault monster count
 E = Vault monster count
 F = Vault count percentage of total count
                 A         B        C        D         E       F
            +---------+---------+-------+---------+---------+-------
      Total |      37 |       0 |   0.0 |      20 |       0 |   0.0
            +---------+---------+-------+---------+---------+-------
        D:1 |      37 |       0 |   0.0 |      20 |       0 |   0.0
            +---------+---------+-------+---------+---------+-------
